[Event "Titled Tuesday Blitz August 09 Early 2022"]
[White "Flynn, Jacob"]
[Black "Skliarov, Viktor"]
[WhiteFideId "2509393"]
[BlackFideId "14106736"]
[WhiteElo "1920"]
[BlackElo "2257"]
[Result "1/2-1/2"]
[Round "01"]
[TimeControl "180+1"]
[Date "2022.08.09"]
[WhiteClock "0:00:09"]
[BlackClock "0:00:12"]

1. d4 Nf6 2. c4 e6 3. Nc3 Bb4 4. Qc2 c5 5. dxc5 Na6 6. a3 Bxc3+ 7. Qxc3 Nxc5 8. f3 d5 9. b4 Na4 10. Qc2 Bd7 11. c5 O-O 12. Bf4 Rc8 13. Qd2 b6 14. cxb6 Qxb6 15. Nh3 Bb5 16. Be3 Qb8 17. Nf2 e5 18. Bg5 Qb6 19. g3 h6 20. Bxf6 Qxf6 21. Bh3 Rc7 22. Rd1 Nc3 23. Rc1 d4 24. Bg2 Rd8 25. Nd3 Bxd3 26. Qxd3 Qg5 27. Rc2 Rdc8 28. O-O g6 29. f4 Qf6 30. e3 dxe3 31. Qxe3 exf4 32. Qxf4 Qxf4 33. Rxf4 Kg7 34. Rd2 Re8 35. Kf2 Re5 36. Rfd4 a5 37. Bf3 axb4 38. axb4 h5 39. Kg2 Rce7 40. Rd7 Nb5 41. R2d5 Rxd5 42. Rxd5 Nc3 43. Rc5 Na4 44. Ra5 Nc3 45. Rc5 Na4 46. Rc8 Re1 47. Rb8 Rb1 48. Rb7 Rb2+ 49. Kh3 Nc3 50. Bc6 g5 51. g4 h4 52. b5 Na4 53. Bd5 Kf6 54. Rxf7+ Ke5 55. Rf5+ Kd4 56. Rxg5 Rxb5 57. Bc6 Rxg5 58. Bxa4 Ke3 59. Kxh4 Kf4 60. Bd7 Rg7 61. Bf5 Rg8 62. Kh3 Rh8+ 63. Kg2 Rb8 64. h4 Rb2+ 65. Kh3 Rb3+ 66. Kg2 Rb2+ 67. Kg1 Kg3 68. Kf1 Kxh4 69. Ke1 Kg5 70. Kd1 Kf4 71. Kc1 Rf2 72. Kd1 Rg2 73. Ke1 Ke3 74. Kd1 Rg3 75. Kc1 Kd4 76. Kd2 Rg2+ 77. Ke1 Ke3 78. Kf1 Rg3 79. Be6 Kf4 80. Bf5 Rf3+ 81. Ke2 Re3+ 82. Kd2 Rg3 83. Kc2 Ke5 84. Kd2 Kd4 85. Ke2 Ke5 86. Kf2 Kf4 87. Ke2 Rxg4 88. Bxg4 1/2-1/2


[Site "https://www.chess.com"]

[Event "Titled Tuesday Blitz August 09 Early 2022"]
[White "Gabdrakhmanov, Azat"]
[Black "Martin Barcelo, Carles"]
[WhiteFideId "34189197"]
[BlackFideId "24561444"]
[WhiteElo "2293"]
[BlackElo "1922"]
[Result "1/2-1/2"]
[Round "01"]
[TimeControl "180+1"]
[Date "2022.08.09"]
[WhiteClock "0:00:24"]
[BlackClock "0:00:23"]

1. e4 d5 2. exd5 Qxd5 3. Nc3 Qd8 4. d4 Nf6 5. Bf4 c6 6. Nf3 Bg4 7. Be2 e6 8. h3 Bh5 9. Ne5 Bxe2 10. Nxe2 Nbd7 11. Nc4 Nb6 12. Qd3 Nxc4 13. Qxc4 Qd5 14. Qxd5 cxd5 15. f3 Be7 16. Kd2 O-O 17. c3 Rfd8 18. Rac1 Bd6 19. Bxd6 Rxd6 20. Nf4 b5 21. Nd3 Nd7 22. Rhe1 a5 23. Rc2 Rc8 24. Ra1 Rdc6 25. Rcc1 a4 26. Re1 Kf8 27. a3 Ke7 28. g4 Kd6 29. f4 R6c7 30. f5 Nf6 31. Nc5 Nd7 32. Nxd7 Rxd7 33. fxe6 fxe6 34. Rf1 Rcc7 35. Rf8 Rf7 36. Rf1 Rxf1 37. Rxf1 Ke7 38. Ke3 Rc8 39. g5 Rh8 40. h4 h6 41. gxh6 Rxh6 42. Rg1 Rxh4 43. Rxg7+ Kd6 44. Rb7 Kc6 45. Re7 Kd6 46. Rb7 Kc6 47. Rf7 Rh3+ 48. Rf3 Rh2 49. Rf2 Rh1 50. Kd2 Rb1 51. Kc2 Re1 52. b3 axb3+ 53. Kxb3 Rb1+ 54. Kc2 Ra1 55. Kb2 Rg1 56. Re2 Kd6 57. Kb3 Rb1+ 58. Rb2 Rxb2+ 59. Kxb2 e5 60. dxe5+ Kxe5 61. Kb3 Kd6 62. a4 bxa4+ 63. Kxa4 Kc5 64. Kb3 Kb5 65. Kb2 Kc4 66. Kc2 d4 67. cxd4 Kxd4 1/2-1/2


[Site "https://www.chess.com"]

[Event "Titled Tuesday Blitz August 09 Early 2022"]
[White "Garcia, Erick"]
[Black "Nakamura, Hikaru"]
[WhiteFideId "2058880"]
[BlackFideId "2016192"]
[WhiteElo "2202"]
[BlackElo "2850"]
[Result "0-1"]
[Round "01"]
[TimeControl "180+1"]
[Date "2022.08.09"]
[WhiteClock "0:01:17"]
[BlackClock "0:01:18"]

1. d4 g6 2. c4 Bg7 3. Nf3 d6 4. g3 Bd7 5. Bg2 Qc8 6. h4 Nc6 7. O-O h6 8. Nc3 Bh3 9. Be3 g5 10. Nd5 Nf6 11. Nxc7+ Qxc7 12. Bxh3 g4 13. Bg2 gxf3 14. exf3 d5 15. Rc1 e6 16. Re1 Qd7 17. f4 Ne7 18. Bh3 O-O 19. Qf3 dxc4 20. Rxc4 Rac8 21. b3 h5 22. Rec1 b5 23. Rc5 Rfe8 24. Bf1 a6 25. a4 Rxc5 26. dxc5 Rc8 27. axb5 axb5 28. c6 Rxc6 29. Rxc6 Qxc6 30. Qxc6 Nxc6 31. Bxb5 Nb4 32. Be2 Kh7 33. Kg2 Kg6 34. f3 Nfd5 35. Bd2 f5 36. g4 Bc3 37. Bc1 Bf6 38. Kg3 Bc3 39. Kf2 Bd4+ 40. Kg3 Be3 41. Bxe3 Nxe3 42. Bb5 Kf7 43. Kf2 Ned5 44. Kg3 Nf6 45. Be2 Nbd5 46. g5 Nd7 47. Bc4 Nf8 0-1


[Site "https://www.chess.com"]

[Event "Titled Tuesday Blitz August 09 Early 2022"]
[White "Gareyev, Timur"]
[Black "Jaskolka, Tomasz"]
[WhiteFideId "14200937"]
[BlackFideId "1170791"]
[WhiteElo "2528"]
[BlackElo "2073"]
[Result "1-0"]
[Round "01"]
[TimeControl "180+1"]
[Date "2022.08.09"]
[WhiteClock "0:01:02"]
[BlackClock "0:00:37"]

1. d4 d5 2. c4 c6 3. Nc3 Nf6 4. Nf3 a6 5. Bf4 Bf5 6. Qb3 Ra7 7. e3 Nh5 8. Bxb8 Qxb8 9. cxd5 cxd5 10. Nxd5 b5 11. Ne5 Be6 12. Rc1 Nf6 13. Nc6 Qc8 14. Nxf6+ exf6 15. d5 Bd7 16. Bd3 Rc7 17. a4 b4 18. O-O Bxc6 19. dxc6 Rxc6 20. Bc4 Rc7 21. Bxf7+ Ke7 22. Rxc7+ Qxc7 23. Qe6+ Kd8 24. Qe8# 1-0


[Site "https://www.chess.com"]

[Event "Titled Tuesday Blitz August 09 Early 2022"]
[White "Garriga Cazorla, Pere"]
[Black "Sztokbant, Bernardo Vainzoff"]
[WhiteFideId "32011601"]
[BlackFideId "2115956"]
[WhiteElo "2365"]
[BlackElo "2209"]
[Result "1-0"]
[Round "01"]
[TimeControl "180+1"]
[Date "2022.08.09"]
[WhiteClock "0:01:01"]
[BlackClock "0:00:02"]

1. d4 Nf6 2. c4 e6 3. Nc3 Bb4 4. e3 d6 5. Bd3 e5 6. Ne2 O-O 7. a3 Bxc3+ 8. Nxc3 exd4 9. exd4 Re8+ 10. Be3 Nc6 11. O-O Ne7 12. Qc2 Ng6 13. Rae1 Bd7 14. f3 c6 15. Qd2 Qc7 16. Bf2 Nh5 17. Bc2 Nhf4 18. Bxg6 Nxg6 19. Bg3 Ne7 20. c5 Nf5 21. cxd6 Qb6 22. Re4 Rxe4 23. fxe4 Qxd4+ 24. Qf2 Qxf2+ 25. Bxf2 Nh6 26. e5 Ng4 27. Bd4 Re8 28. Re1 f6 29. Bxa7 Nxe5 30. Rd1 Kf7 31. Bc5 Nc4 32. b3 Na5 33. b4 Nc4 34. a4 Re5 35. a5 Nxa5 36. Bd4 Nc4 37. Bxe5 fxe5 38. Na4 b6 39. Rc1 Be6 40. Nc3 Ke8 41. Ne4 Kd7 42. Ra1 Nxd6 43. Ra7+ Kd8 44. Nxd6 g6 45. Rxh7 1-0


[Site "https://www.chess.com"]

[Event "Titled Tuesday Blitz August 09 Early 2022"]
[White "Gil Alba, Hector Luis"]
[Black "Azarov, Sergei"]
[WhiteFideId "3504670"]
[BlackFideId "13501470"]
[WhiteElo "2331"]
[BlackElo "2494"]
[Result "1/2-1/2"]
[Round "01"]
[TimeControl "180+1"]
[Date "2022.08.09"]
[WhiteClock "0:00:29"]
[BlackClock "0:00:05"]

1. e4 c5 2. Nf3 Nc6 3. Bb5 e6 4. O-O Nge7 5. Nc3 a6 6. Bxc6 Nxc6 7. d4 cxd4 8. Nxd4 Be7 9. Re1 O-O 10. Nxc6 dxc6 11. Qg4 e5 12. Qg3 Bf6 13. Be3 b5 14. a4 Be6 15. Bc5 Re8 16. a5 Qc7 17. Qe3 h6 18. Bb6 Qc8 19. Red1 Be7 20. Bc5 Qc7 21. Bb6 Qc8 22. Bc5 Bg5 23. Qg3 Bf6 24. Qe3 Rd8 25. Rxd8+ Qxd8 26. Bb6 Qe7 27. Rd1 Rc8 28. Bc5 Qe8 29. b4 Rd8 30. Rxd8 Qxd8 31. Qd3 Qxd3 32. cxd3 g6 33. Kf1 Kg7 34. Ke2 h5 35. g3 h4 36. Ke3 Bd8 37. d4 exd4+ 38. Bxd4+ Kh6 39. Bc5 f5 40. f4 g5 41. exf5 Bxf5 42. Ne2 Kh5 43. Nd4 Bd7 44. Kf3 Bf6 45. fxg5 Kxg5 46. gxh4+ Kxh4 47. Ke4 Kg4 48. Bd6 Be8 49. Nb3 Bg6+ 50. Ke3 Bf5 51. Nd4 Bd7 52. Nb3 Bf5 53. Nd4 Bg5+ 54. Ke2 Bd7 55. Nb3 Bc8 56. Kd3 Bf6 57. Nd4 Bd7 58. Nb3 Bf5+ 59. Kd2 Bg5+ 60. Kc3 Bf6+ 61. Kd2 Bg5+ 62. Kc3 Bf6+ 63. Kd2 1/2-1/2


[Site "https://www.chess.com"]

[Event "Titled Tuesday Blitz August 09 Early 2022"]
[White "Ginzburg, Yakov"]
[Black "Mardov, Dimitar"]
[WhiteFideId "4157176"]
[BlackFideId "30919495"]
[WhiteElo "2265"]
[BlackElo "2185"]
[Result "0-1"]
[Round "01"]
[TimeControl "180+1"]
[Date "2022.08.09"]
[WhiteClock "0:00:39"]
[BlackClock "0:00:21"]

1. e4 e5 2. Nf3 Nc6 3. Bb5 Nf6 4. O-O Nxe4 5. d4 Nd6 6. dxe5 Nxb5 7. a4 Na3 8. Nxa3 Be7 9. Nc4 O-O 10. Bf4 b6 11. Re1 Bb7 12. Qd2 Na5 13. Nxa5 Bxf3 14. gxf3 bxa5 15. Qxa5 Rb8 16. Qxa7 Rxb2 17. Re2 Rb4 18. Bg3 h5 19. e6 fxe6 20. Bxc7 Qe8 21. Kh1 Rxf3 22. Rg1 Rg4 23. Rxg4 hxg4 24. Qd4 Qc8 25. Bg3 Qc6 26. Kg1 Ra3 27. Re4 Bf6 28. Qc4 Ra1+ 29. Kg2 Qb7 30. Qb4 Qc6 31. Qc4 Qa8 32. f3 gxf3+ 33. Kxf3 d5 34. Qb5 dxe4+ 35. Kg4 Qd5 36. Qe8+ Kh7 37. Bf4 Qf5+ 38. Kg3 Rg1+ 39. Kf2 Bd4+ 40. Ke2 Qg4+ 41. Kd2 Qxf4+ 42. Ke2 Qf2# 0-1


[Site "https://www.chess.com"]

[Event "Titled Tuesday Blitz August 09 Early 2022"]
[White "Goltsev, Dmitry"]
[Black "Sjoberg, Isak"]
[WhiteFideId "24176710"]
[BlackFideId "1521640"]
[WhiteElo "2258"]
[BlackElo "2106"]
[Result "1-0"]
[Round "01"]
[TimeControl "180+1"]
[Date "2022.08.09"]
[WhiteClock "0:00:08"]
[BlackClock "0:00:11"]

1. e4 c5 2. Nf3 d6 3. d4 cxd4 4. Nxd4 Nf6 5. Nc3 a6 6. Be3 e6 7. f3 b5 8. a3 Nbd7 9. Qd2 Bb7 10. g4 Nb6 11. h4 Rc8 12. g5 Nfd7 13. Bd3 Ne5 14. O-O h6 15. Qg2 hxg5 16. hxg5 Be7 17. g6 Nbc4 18. gxf7+ Kxf7 19. Bf2 Rh6 20. f4 Rg6 21. Bg3 Nxd3 22. cxd3 Ne3 23. Qf3 Nxf1 24. Kxf1 Bf6 25. Nxe6 Rxg3 26. Nxd8+ Rxd8 27. Qxg3 Rh8 28. Kg2 a5 29. Rh1 Rc8 30. Qg4 Rc7 31. Nxb5 Rc2+ 32. Kf3 Ke7 33. Rh8 Rxb2 34. a4 d5 35. exd5 Bxd5+ 36. Ke3 Rg2 37. Qc8 Rg3+ 38. Kf2 Rg2+ 39. Kf1 Bb2 40. Qf8+ Ke6 41. Qg8+ Kf5 42. Qxd5+ Kxf4 43. Rf8+ Kg3 44. Qxg2+ Kh4 45. Rh8# 1-0


[Site "https://www.chess.com"]

[Event "Titled Tuesday Blitz August 09 Early 2022"]
[White "Gombocz, Ferenc Jr."]
[Black "Yurovskykh, Oleksandr"]
[WhiteFideId "775029"]
[BlackFideId "14134020"]
[WhiteElo "1913"]
[BlackElo "2292"]
[Result "1/2-1/2"]
[Round "01"]
[TimeControl "180+1"]
[Date "2022.08.09"]
[WhiteClock "0:00:45"]
[BlackClock "0:00:18"]

1. c4 c5 2. g3 Nf6 3. Bg2 d5 4. cxd5 Nxd5 5. Nf3 Nc6 6. d4 cxd4 7. Nxd4 Ndb4 8. Nxc6 Qxd1+ 9. Kxd1 Nxc6 10. Bxc6+ bxc6 11. Nc3 g6 12. Be3 Bg7 13. Rc1 Be6 14. b3 O-O-O+ 15. Ke1 Bxc3+ 16. Rxc3 Kb7 17. f3 Rd5 18. Kf2 Rc8 19. Rhc1 Ra5 20. a4 Rd5 21. b4 a6 22. Rc5 Rxc5 23. Bxc5 Rc7 24. a5 Rd7 25. Ke1 Bb3 26. Rb1 Bc4 27. Rc1 Bb5 28. Rd1 Rxd1+ 29. Kxd1 e6 30. e3 Kc7 31. Kd2 Kd7 32. Kc3 e5 33. Kd2 Ke6 34. e4 f5 35. Ke3 Bf1 36. Kf2 Bd3 37. Ke3 Bc2 38. Ba7 h5 39. h4 Ba4 40. Bb8 Bb5 41. Bc7 Bf1 42. Bb8 Bg2 43. Bc7 Bh1 44. Bb8 fxe4 45. fxe4 Bg2 46. Bc7 Bh1 1/2-1/2


[Site "https://www.chess.com"]

[Event "Titled Tuesday Blitz August 09 Early 2022"]
[White "Gonzalez Vega, Alejandro"]
[Black "Saravana, Krishnan P."]
[WhiteFideId "3510042"]
[BlackFideId "5018382"]
[WhiteElo "2205"]
[BlackElo "2155"]
[Result "1-0"]
[Round "01"]
[TimeControl "180+1"]
[Date "2022.08.09"]
[WhiteClock "0:00:07"]
[BlackClock "0:00:31"]

1. e4 c6 2. d4 d5 3. exd5 cxd5 4. Bd3 Nc6 5. c3 Nf6 6. Bf4 g6 7. h3 Bg7 8. Nf3 O-O 9. O-O Nd7 10. Re1 Re8 11. Nbd2 e5 12. dxe5 Ndxe5 13. Nxe5 Nxe5 14. Bf1 Bf5 15. Nf3 Nc6 16. Rxe8+ Qxe8 17. Qxd5 Be4 18. Qb3 Bxf3 19. gxf3 Qe7 20. Rd1 Be5 21. Be3 Rc8 22. f4 Bb8 23. Bg2 Na5 24. Qd5 b6 25. Qd7 Qf8 26. Bd5 Re8 27. b4 Re7 28. Qg4 Nb7 29. f5 Kh8 30. fxg6 fxg6 31. Bd4+ Be5 32. Bxb7 Bxd4 33. Qxd4+ Rg7 34. Re1 h6 35. Bd5 Kh7 36. Re4 Qf5 37. Rf4 Qg5+ 38. Kh2 h5 39. Rf8 Qe7 40. Rf4 Qc7 41. Kg2 g5 42. Re4 g4 43. h4 g3 44. f3 a5 45. Re5 Kh6 46. Qf4+ Kh7 47. Rxh5+ Kg6 48. Rg5+ Kh7 49. Rxg7+ Qxg7 50. Be4+ Kg8 51. Qb8+ Kf7 52. Bd5+ Kf6 53. Qf4+ Kg6 54. Qxg3+ Kh5 55. Qxg7 axb4 56. Qg5# 1-0


[Site "https://www.chess.com"]

[Event "Titled Tuesday Blitz August 09 Early 2022"]
[White "Gurel, Ediz"]
[Black "D`Arruda, Ricardo D."]
[WhiteFideId "44507356"]
[BlackFideId "100692"]
[WhiteElo "1894"]
[BlackElo "2478"]
[Result "1-0"]
[Round "01"]
[TimeControl "180+1"]
[Date "2022.08.09"]
[WhiteClock "0:01:15"]
[BlackClock "0:01:19"]

1. e4 c5 2. Nf3 Nc6 3. d4 cxd4 4. Nxd4 e5 5. Nb5 a6 6. Nd6+ Bxd6 7. Qxd6 Qe7 8. Qd2 Nf6 9. Nc3 d6 10. g3 O-O 11. Bg2 Be6 12. b3 Rac8 13. Bb2 Rfd8 14. O-O Nd4 15. Rac1 d5 16. exd5 Nxd5 17. Ne4 Nf4 18. gxf4 Nf3+ 19. Bxf3 Rxd2 20. Nxd2 Bh3 21. Rfe1 f6 22. fxe5 fxe5 23. Rxe5 Qd6 24. Ne4 Qh6 25. Rg5 g6 26. Re1 Rxc2 27. Nf6+ Kf7 28. Bd5+ Kf8 29. Re8+ Kg7 30. Nh5# 1-0


[Site "https://www.chess.com"]

[Event "Titled Tuesday Blitz August 09 Early 2022"]
[White "Hajiyev, Kanan"]
[Black "Pulpan, Jakub"]
[WhiteFideId "13404148"]
[BlackFideId "302759"]
[WhiteElo "2118"]
[BlackElo "2451"]
[Result "0-1"]
[Round "01"]
[TimeControl "180+1"]
[Date "2022.08.09"]
[WhiteClock "0:00:26"]
[BlackClock "0:01:47"]

1. d4 g6 2. Nf3 Bg7 3. g3 d6 4. Bg2 Bd7 5. O-O Qc8 6. Re1 Bh3 7. c4 Bxg2 8. Kxg2 Nc6 9. d5 Nb8 10. e4 Nd7 11. Nc3 Ngf6 12. e5 dxe5 13. Nxe5 O-O 14. Bf4 Nh5 15. Nd3 Nxf4+ 16. Nxf4 Re8 17. Qc2 c6 18. Rad1 cxd5 19. Ncxd5 e6 20. Ne3 Qc6+ 21. f3 Ne5 22. Qe2 Bh6 23. Nd3 Nxc4 24. Nxc4 Qxc4 25. Ne5 Qxe2+ 26. Rxe2 Re7 27. f4 Bg7 28. Red2 Bxe5 29. fxe5 Rc8 30. Kf3 Kg7 31. h4 Rc5 32. Ke4 Rec7 33. Rd4 Rc2 34. R1d2 b6 35. a4 Rxd2 36. Rxd2 Rc4+ 37. Kf3 Rxa4 38. g4 h5 39. gxh5 gxh5 40. Kg3 Rg4+ 41. Kh3 Re4 42. Rd7 Rxe5 43. Rxa7 Re3+ 44. Kg2 Re2+ 45. Kg3 Rxb2 46. Rb7 Rb3+ 47. Kf4 Rb4+ 48. Kg5 Rb5+ 49. Kf4 Kf6 50. Rb8 Rb4+ 51. Kg3 Kf5 52. Rh8 Rb3+ 53. Kf2 Kg4 54. Rf8 f5 55. Rf6 e5 56. Rg6+ Kxh4 57. Re6 e4 58. Re5 Kg4 59. Ke2 h4 60. Re8 h3 0-1


[Site "https://www.chess.com"]

[Event "Titled Tuesday Blitz August 09 Early 2022"]
[White "Hambleton, Aman"]
[Black "Niyazgulova, Marina"]
[WhiteFideId "2606577"]
[BlackFideId "24142573"]
[WhiteElo "2538"]
[BlackElo "1986"]
[Result "1-0"]
[Round "01"]
[TimeControl "180+1"]
[Date "2022.08.09"]
[WhiteClock "0:00:04"]
[BlackClock "0:00:25"]

1. d4 d5 2. Bf4 Nf6 3. e3 c5 4. c3 Nc6 5. Nd2 e6 6. Ngf3 Bd6 7. Bg3 O-O 8. Bd3 b6 9. e4 dxe4 10. Nxe4 Nxe4 11. Bxe4 Bb7 12. dxc5 Bxc5 13. Qa4 Qc8 14. Bxh7+ Kxh7 15. Qh4+ Kg8 16. Ng5 Rd8 17. Qh7+ Kf8 18. Qh8+ Ke7 19. Qxg7 Rf8 20. Ne4 Nd8 21. Bh4+ Kd7 22. O-O-O+ Bd5 23. Kb1 b5 24. b4 Be7 25. Bxe7 Kxe7 26. Qf6+ Kd7 27. Nc5+ Kc7 28. Qe5+ Kb6 29. a4 bxa4 30. Qe3 Kc7 31. c4 Nc6 32. cxd5 exd5 33. Qf4+ Kb6 34. Nxa4+ Ka6 35. b5+ Kxb5 36. Rxd5+ Ka6 37. Qc4+ Kb7 38. Rb5+ Kc7 39. Qf4+ Kd7 40. Rd1+ Ke7 41. Re1+ Kd7 42. Rd5# 1-0


[Site "https://www.chess.com"]

[Event "Titled Tuesday Blitz August 09 Early 2022"]
[White "Hartikainen, Jarmo"]
[Black "Mortazavi, Ali"]
[WhiteFideId "503134"]
[BlackFideId "401323"]
[WhiteElo "2119"]
[BlackElo "2339"]
[Result "0-1"]
[Round "01"]
[TimeControl "180+1"]
[Date "2022.08.09"]
[WhiteClock "0:00:12"]
[BlackClock "0:00:30"]

1. e4 c6 2. d4 d5 3. Nc3 dxe4 4. Nxe4 Nf6 5. Nxf6+ exf6 6. Bf4 Qb6 7. Qe2+ Be6 8. O-O-O Be7 9. c4 O-O 10. g4 Na6 11. Kb1 Rad8 12. d5 cxd5 13. cxd5 Rxd5 14. Rxd5 Bxd5 15. Nf3 Bc5 16. Bg2 Bxf2 17. h4 Nb4 18. a3 Na2 19. Ka1 Nb4 20. Rf1 Bc5 21. Ne1 Bxg2 22. Qxg2 Nc6 23. Nc2 Nd4 24. Nxd4 Bxd4 25. h5 Qb3 26. Rf3 Qd1+ 27. Ka2 h6 28. Bd6 Re8 0-1


[Site "https://www.chess.com"]

[Event "Titled Tuesday Blitz August 09 Early 2022"]
[White "Hoffmann, Asa"]
[Black "Dimitrov, Atanas"]
[WhiteFideId "2001470"]
[BlackFideId "2901315"]
[WhiteElo "2117"]
[BlackElo "2681"]
[Result "1-0"]
[Round "01"]
[TimeControl "180+1"]
[Date "2022.08.09"]
[WhiteClock "0:01:42"]
[BlackClock "0:01:22"]

1. d4 Nf6 2. Bg5 e6 3. Nd2 d5 4. e3 Be7 5. Bd3 b6 6. Qe2 Bb7 7. f4 Nbd7 8. Ngf3 c5 9. c3 Qc7 10. Ne5 a6 11. O-O h6 12. Bh4 b5 13. Rac1 Rc8 14. Bg3 Qb6 15. f5 Nxe5 16. dxe5 Ne4 17. Bxe4 dxe4 18. f6 gxf6 19. exf6 Bd6 20. Qg4 Bxg3 21. Qxg3 c4 22. Rf4 Qd6 23. Nxe4 Bxe4 24. Rxe4 Qd2 25. Rf1 Rf8 26. Rd4 Qe2 27. Qd6 Qxe3+ 28. Kh1 1-0


[Site "https://www.chess.com"]

[Event "Titled Tuesday Blitz August 09 Early 2022"]
[White "Hosseinzadeh, Nima"]
[Black "Garrido, Denis"]
[WhiteFideId "12505323"]
[BlackFideId "601217"]
[WhiteElo "2045"]
[BlackElo "2325"]
[Result "1-0"]
[Round "01"]
[TimeControl "180+1"]
[Date "2022.08.09"]
[WhiteClock "0:01:40"]
[BlackClock "0:01:36"]

1. e4 e5 2. f4 exf4 3. Nf3 d5 4. exd5 Nf6 5. Bb5+ Nbd7 6. Nc3 Bd6 7. Qe2+ Qe7 8. Qxe7+ Kxe7 9. d4 Re8 10. O-O Kf8 11. Ne5 Bxe5 12. dxe5 Rxe5 13. Bxf4 Rxd5 14. Nxd5 Nxd5 15. Bg3 c6 16. Bc4 N7f6 17. Rae1 Be6 18. Bd6+ Ke8 19. Be5 Kd7 20. Bxd5 Nxd5 21. Bxg7 Rg8 22. Bd4 Bh3 23. Rxf7+ 1-0


[Site "https://www.chess.com"]

[Event "Titled Tuesday Blitz August 09 Early 2022"]
[White "Jain, Naveen"]
[Black "Rendle, Thomas E"]
[WhiteFideId "5003970"]
[BlackFideId "408760"]
[WhiteElo "2036"]
[BlackElo "2428"]
[Result "0-1"]
[Round "01"]
[TimeControl "180+1"]
[Date "2022.08.09"]
[WhiteClock "0:00:05"]
[BlackClock "0:00:06"]

1. c4 e5 2. g3 Nf6 3. Bg2 c6 4. d4 e4 5. Nc3 d5 6. Bg5 Bb4 7. cxd5 cxd5 8. f3 Nc6 9. Nh3 exf3 10. exf3 O-O 11. O-O Ba5 12. Nf4 Bb6 13. Ncxd5 Bxd4+ 14. Kh1 h6 15. Bxf6 Bxf6 16. Qd2 Bf5 17. Rad1 Be5 18. Rfe1 Qg5 19. Nd3 Bxd3 20. Qxg5 hxg5 21. Rxd3 Bxb2 22. Rb3 Rae8 23. Rd1 Re2 24. Rxb7 Rd8 25. Bf1 Re5 26. Bc4 Kh8 27. Rxb2 Na5 28. Bb3 Nxb3 29. Rxb3 Rexd5 30. Rxd5 Rxd5 31. Kg2 Rd2+ 32. Kh3 Rxa2 33. Rb7 f6 34. Kg4 Kh7 35. h4 Ra4+ 36. Kf5 gxh4 37. gxh4 Kh6 38. Rb8 Ra5+ 39. Kg4 Kg6 40. f4 f5+ 41. Kg3 Ra3+ 42. Kg2 Kh5 43. Rh8+ Kg4 44. Rb8 Kxf4 45. Rg8 Rg3+ 46. Kf2 Rg4 47. Ra8 Rxh4 48. Rxa7 Rh2+ 49. Kg1 Rh7 50. Kg2 Kg5 51. Kf3 Rh3+ 52. Kg2 Rh7 53. Kf3 Kh6 54. Kf4 g5+ 55. Kxf5 Rxa7 0-1


[Site "https://www.chess.com"]

[Event "Titled Tuesday Blitz August 09 Early 2022"]
[White "Janaszak, Dawid"]
[Black "Fernandez Hernandez, Gerardo"]
[WhiteFideId "1119206"]
[BlackFideId "2207400"]
[WhiteElo "2165"]
[BlackElo "2178"]
[Result "1-0"]
[Round "01"]
[TimeControl "180+1"]
[Date "2022.08.09"]
[WhiteClock "0:00:46"]
[BlackClock "0:00:01"]

1. e4 e6 2. b3 d5 3. Bb2 dxe4 4. Nc3 Nf6 5. Qe2 Bb4 6. O-O-O Qe7 7. Kb1 Ba3 8. Ba1 a5 9. Nxe4 a4 10. Nf3 axb3 11. axb3 Nbd7 12. g4 O-O 13. g5 Nxe4 14. Qxe4 Nc5 15. Qd4 e5 16. Nxe5 Ne6 17. Qc4 b5 18. Qe4 Ra7 19. Bd3 Nxg5 20. Qe3 Bc5 21. Qg3 Rxa1+ 22. Kxa1 Bd4+ 23. Kb1 Bxe5 24. f4 Bd6 25. Qxg5 Qxg5 26. fxg5 Be5 27. Bxb5 Bg4 28. Rde1 f6 29. Bc4+ Kh8 30. gxf6 Bxf6 31. Bb5 Ra8 32. Re8+ Rxe8 33. Bxe8 Kg8 34. Bb5 Kf7 35. Bc4+ Ke7 36. Re1+ Kd6 37. Bd3 h6 38. c3 Be6 39. Kc2 Be5 40. h4 Bf6 41. h5 Bg4 42. Bg6 Bg5 43. Re8 Kd7 44. Rg8 Bf6 45. d4 Bf3 46. Kd3 Bg4 47. c4 Bh3 48. b4 Bf1+ 49. Kc3 Bh3 50. b5 Bf1 51. Bf5+ Ke7 52. Rc8 Kd6 53. c5+ 1-0


[Site "https://www.chess.com"]

[Event "Titled Tuesday Blitz August 09 Early 2022"]
[White "Jeet, Jain"]
[Black "Drozdowski, Kacper"]
[WhiteFideId "5073022"]
[BlackFideId "1136720"]
[WhiteElo "2055"]
[BlackElo "2485"]
[Result "0-1"]
[Round "01"]
[TimeControl "180+1"]
[Date "2022.08.09"]
[WhiteClock "0:00:14"]
[BlackClock "0:00:57"]

1. Nf3 d5 2. g3 c6 3. Bg2 Nf6 4. O-O Bg4 5. d4 Nbd7 6. Nbd2 e6 7. b3 Bd6 8. Bb2 O-O 9. c4 Qe7 10. Re1 e5 11. dxe5 Nxe5 12. Nxe5 Bxe5 13. Bxe5 Qxe5 14. Qc2 Rad8 15. cxd5 Nxd5 16. Nc4 Qh5 17. e4 Nb4 18. Qc3 a5 19. Ne3 Be6 20. Bf1 f6 21. a3 Na6 22. Rad1 Qc5 23. Qb2 Nc7 24. b4 axb4 25. axb4 Qe5 26. Qxe5 fxe5 27. Bc4 Kf7 28. Kf1 Rd4 29. Bxe6+ Nxe6 30. Nc2 Rc4 31. Rd2 Rd8 32. Red1 Rxd2 33. Rxd2 Ke7 34. Ke2 Rxe4+ 35. Kd3 Rg4 36. Re2 Kd6 37. f3 Rg5 38. Ne3 b5 39. Nc2 Nc7 40. Ne3 Nd5 41. Nxd5 cxd5 42. Ra2 Rf5 43. Ra6+ Kc7 44. Ke3 Kb7 45. Rd6 d4+ 46. Ke4 Rh5 47. h4 g5 48. hxg5 Rxg5 49. g4 h5 50. gxh5 Rxh5 51. Rd7+ Kc6 52. Re7 Kd6 53. Rb7 Rh4+ 54. Kd3 Rh3 55. Ke4 Rh4+ 56. Kd3 Rf4 57. Ke2 d3+ 58. Kxd3 Rxb4 59. Rb6+ Kc5 60. Rb8 Rd4+ 61. Ke3 Kc4 62. Re8 Rd5 63. Rc8+ Rc5 64. Rd8 b4 65. Kd2 Kb3 66. Ra8 Kb2 67. Rb8 b3 68. Rb4 Rd5+ 69. Ke3 Kc3 70. Rb6 Rc5 71. Ke4 b2 72. Rb7 Kc2 73. f4 exf4 74. Kxf4 b1=Q 75. Rxb1 Kxb1 0-1


[Site "https://www.chess.com"]

[Event "Titled Tuesday Blitz August 09 Early 2022"]
[White "Jiganchine, Roman"]
[Black "Eynullayev, Altay"]
[WhiteFideId "2603667"]
[BlackFideId "13413562"]
[WhiteElo "2304"]
[BlackElo "2079"]
[Result "0-1"]
[Round "01"]
[TimeControl "180+1"]
[Date "2022.08.09"]
[WhiteClock "0:00:05"]
[BlackClock "0:01:17"]

1. Nf3 Nf6 2. c4 e6 3. b3 d5 4. Bb2 Be7 5. e3 O-O 6. Nc3 b6 7. cxd5 exd5 8. d4 Bb7 9. Bd3 Nbd7 10. O-O Re8 11. Rc1 Nf8 12. Ne5 Ne6 13. Ne2 c5 14. Ng3 g6 15. h4 Bf8 16. h5 Bg7 17. f4 cxd4 18. exd4 Ne4 19. Nxe4 dxe4 20. Bb5 Rf8 21. f5 gxf5 22. Rxf5 Qh4 23. Qf1 Rad8 24. Nd7 Rxd7 25. Bxd7 Nxd4 26. Rf4 Qxf4 27. Qxf4 Ne2+ 28. Kh2 Nxf4 29. Bxg7 Kxg7 30. Rc7 Bd5 31. Rxa7 e3 32. Bg4 e2 33. Bxe2 Nxe2 34. Rd7 Nc3 35. b4 b5 36. a3 Re8 37. Kg3 Re3+ 38. Kf4 Re4+ 39. Kg3 Ne2+ 40. Kh2 Rh4# 0-1


[Site "https://www.chess.com"]

[Event "Titled Tuesday Blitz August 09 Early 2022"]
[White "Jorquera, Marcelo"]
[Black "Wieczorek, Oskar"]
[WhiteFideId "3401197"]
[BlackFideId "1133950"]
[WhiteElo "2136"]
[BlackElo "2302"]
[Result "0-1"]
[Round "01"]
[TimeControl "180+1"]
[Date "2022.08.09"]
[WhiteClock "0:00:03"]
[BlackClock "0:00:03"]

1. e4 c5 2. Nc3 e6 3. g3 d5 4. exd5 exd5 5. Bg2 d4 6. Qe2+ Be7 7. Nd5 Nc6 8. d3 Be6 9. Nxe7 Ngxe7 10. Nf3 O-O 11. O-O Re8 12. Re1 Qd7 13. Bd2 Bd5 14. Ne5 Nxe5 15. Qxe5 Bxg2 16. Kxg2 Qd5+ 17. Qxd5 Nxd5 18. a3 a6 19. Kf3 f6 20. Rxe8+ Rxe8 21. Re1 Rxe1 22. Bxe1 Kf7 23. Bd2 Ke6 24. g4 g6 25. h3 b5 26. b3 Ke5 27. Ba5 g5 28. Bd8 h6 29. Ba5 Ke6 30. Bd2 f5 31. Ba5 Kf6 32. Bd2 Kg6 33. Bc1 Nf6 34. Bd2 Nd7 35. Ba5 Ne5+ 36. Kg3 f4+ 37. Kg2 h5 38. f3 h4 39. Bb6 Nd7 40. Bd8 Nf8 41. Be7 Ne6 42. Kf2 Kf7 43. Bd6 Ke8 44. Ke2 Kd7 45. Be5 Kc6 46. Bf6 Kd5 47. Kd2 c4 48. dxc4+ bxc4 49. b4 Kc6 50. a4 Kb6 51. Ke2 Kc6 52. Kd2 Kc7 53. Ke2 Kb6 54. Kd2 a5 55. b5 Kc5 56. Ke2 Kd5 57. Kd2 c3+ 58. Ke2 Nc5 59. Bxg5 Nxa4 60. Bxh4 Nb2 61. Be7 Ke6 62. Bf8 Nc4 63. h4 a4 64. h5 a3 65. Bxa3 Nxa3 66. b6 Nxc2 67. b7 Nb4 68. b8=Q d3+ 69. Kf2 d2 70. Qd8 Nc2 71. Qe8+ Kd6 0-1


[Site "https://www.chess.com"]